 Dungeon Crawl Stone Soup version 0.21.1-1-g345015f (webtiles) character file.

6288 kae the Martial Artist (level 10, -3/84 HPs)
             Began as a Demonspawn Monk on Apr 21, 2018.
             Was a High Priest of Wu Jian.
             Slain by a worker ant (4 damage)
             ... on level 10 of the Dungeon.
             The game lasted 00:14:36 (12121 turns).

kae the Martial Artist (Demonspawn Monk)           Turns: 12121, Time: 00:14:36

Health: -3/84      AC: 10    Str: 12    XL:     10   Next: 63%
Magic:  10/10      EV: 14    Int: 12    God:    Wu Jian [*****.]
Gold:   538        SH:  3    Dex: 18    Spells: 9/9 levels left

rFire    . . .     SeeInvis +   a - +2 spear (venom)
rCold    . . .     Gourm    .   (no shield)
rNeg     . . .     Faith    .   w - +0 leather armour
rPois    .         Spirit   .   h - +0 helmet (curse)
rElec    .         Reflect  +   (no cloak)
rCorr    .         Harm     .   (no gloves)
MR       .....                  (no boots)
Stlth    ++++......             t - +3 amulet of reflection
HPRegen  0.24/turn              v - ring of see invisible
MPRegen  0.12/turn              s - +3 ring of protection

@: lethally poisoned (-3 -> -12)
A: claws 1, icy blue scales 2, foul stench 1, nightstalker 2, rot immunity
a: Wall Jump, Serpent's Lash, Heavenly Storm, Renounce Religion


You were on level 10 of the Dungeon.
You worshipped Wu Jian.
Wu Jian was extremely pleased with you.
You were not hungry.

You visited 2 branches of the dungeon, and saw 11 of its levels.
You also visited: Ossuary.

You collected 538 gold pieces.

Inventory:

Hand Weapons
 a - a +2 spear of venom (weapon)
 b - a +2 spear of flaming
 c - a +0 hand axe
Armour
 f - a +0 animal skin
 h - a cursed +0 helmet (worn)
 m - a +0 robe
 w - a +0 leather armour (worn)
Jewellery
 e - an uncursed ring of fire
 s - a +3 ring of protection (right claw)
 t - a +3 amulet of reflection (around neck)
 v - a ring of see invisible (left claw)
 C - an uncursed ring of flight
Wands
 i - a wand of paralysis (29)
 p - a wand of polymorph (8)
 F - a wand of random effects (19)
Scrolls
 o - 2 scrolls of teleportation
 r - 3 scrolls of remove curse
 A - 4 scrolls of noise
 D - a scroll of amnesia
Potions
 d - 3 potions of haste
 j - a potion of heal wounds
 k - 3 potions of flight
 l - a potion of brilliance
 n - a potion of ambrosia
 q - 4 potions of cancellation
 u - a potion of mutation
 x - a potion of lignification
 z - 3 potions of might
 B - 4 potions of resistance
 E - a potion of degeneration {unknown}
Comestibles
 g - 19 rations
 G - a chunk of flesh


   Skills:
 + Level 9.7 Fighting
 - Level 4.1 Dodging
 - Level 3.7 Stealth
 * Level 11.6 Unarmed Combat


You had 9 spell levels left.
You didn't know any spells.

Dungeon Overview and Level Annotations

Branches:
Dungeon (10/15)            Temple (1/1) D:4
   Lair: D:8-11         Orc: D:9-12

Altars:
Ashenzari
Cheibriados
Dithmenos
Elyvilon
Fedhas
Gozag
Hepliaklqana
Kikubaaqudgha
Makhleb
Nemelex Xobeh
Okawaru
Qazlal
Ru
Sif Muna
Trog
Uskayaw
Vehumet
Wu Jian
Xom
Yredelemnul
Zin
The Shining One

Annotations:
D:4 Phong's ghost, novice OpWz
D:9 wojtek's ghost, novice MiFi


Innate Abilities, Weirdness & Mutations

You have sharp fingernails.
You are mostly covered in icy blue scales. (AC +3)
You may emit foul miasma when damaged in melee.
You are significantly more attuned to the shadows.
You are immune to rotting.


Message History

The worker ant is lightly wounded.
* * * LOW HITPOINT WARNING * * *
You feel sick. The worker ant misses you.
You barely miss the worker ant.
The worker ant is lightly wounded.
* * * LOW HITPOINT WARNING * * *
You feel sick. The worker ant bites you.
* * * LOW HITPOINT WARNING * * *
The worker ant looks sick.
You closely miss the worker ant.
The worker ant is lightly wounded.
* * * LOW HITPOINT WARNING * * *
You feel sick. The worker ant closely misses you.
You barely miss the worker ant.
The worker ant is lightly wounded.
* * * LOW HITPOINT WARNING * * *
You feel sick. The worker ant bites you.
* * * LOW HITPOINT WARNING * * *
The worker ant bites you.
You die...

#....)#
##.....#
......##
.##...#.#
##
#...##.#a#
#...#.#†##
#...##.#.#
#...#.#a##
#...###@###
#......#..#
#........##
#......###
#......#
#......#
#......#
.........
..........


You could see a worker ant.

Vanquished Creatures
  A two-headed ogre (D:9)
  Pikel (D:5)
  A troll (D:9)
  A hornet (D:10)
  Sigmund (D:6)
  A steam dragon (D:10)
  Edmund (D:5)
  A water moccasin (D:5)
  A soldier ant (D:10)
  2 orc warriors
  A phantom (D:5)
  A slave (D:5)
  2 ogres
  3 ice beasts
  A necrophage (D:10)
  4 centaurs
  9 big kobolds
  2 bullfrogs
  A gnoll sergeant (D:7)
  2 scorpions
  A water moccasin skeleton (D:7)
  2 howler monkeys
  5 centaur zombies
  3 crimson imps (D:9)
  4 bullfrog zombies
  A quasit (D:6)
  4 human zombies (Ossuary)
  3 hounds
  4 jellies
  2 orc priests
  3 orc wizards
  A centaur skeleton (D:8)
  2 iguanas
  Natasha (thrice) (D:2)
  9 worker ants
  A killer bee zombie (D:7)
  A big kobold zombie (Ossuary)
  2 hound skeletons
  2 mummies (Ossuary)
  2 howler monkey zombies
  Robin (D:2)
  16 gnolls
  13 adders
  2 shadow imps (D:5)
  An ooze (D:3)
  2 adder zombies
  2 adder skeletons
  4 dart slugs
  3 worms
  5 leopard geckos
  19 orcs
  2 ball pythons
  5 giant cockroaches
  43 goblins
  39 hobgoblins
  5 jackals
  6 quokkas
  6 bats
  3 frilled lizards
  12 hobgoblin zombies (Ossuary)
  25 kobolds
  8 kobold zombies (Ossuary)
  7 orc zombies (Ossuary)
  6 rats (D:2)
  A rat zombie (Ossuary)
328 creatures vanquished.

Vanquished Creatures (others)
  A sky beast (D:5)
  2 slaves (D:5)
  A centaur (D:5)
  A crimson imp (D:5)
  An orc (D:5)
  A goblin (D:5)
7 creatures vanquished.

Grand Total: 335 creatures vanquished

Notes
Turn   | Place    | Note
-------+----------+-------------------------------------------
     0 | D:1      | kae the Demonspawn Monk began the quest for the Orb.
     0 | D:1      | Reached XP level 1. HP: 18/18 MP: 1/1
   238 | D:1      | Gained mutation: You are immune to rotting. [demonic ancestry]
   238 | D:1      | Reached XP level 2. HP: 19/24 MP: 2/2
   997 | D:2      | Noticed Robin
  1016 | D:2      | Reached skill level 3 in Unarmed Combat
  1078 | D:2      | Gained mutation: You are partially covered in icy blue scales. (AC +2) [demonic ancestry]
  1078 | D:2      | Reached XP level 3. HP: 29/29 MP: 3/3
  1560 | D:2      | Killed Robin
  1710 | D:2      | Noticed Natasha
  1716 | D:2      | Killed Natasha
  1716 | D:2      | Gained mutation: You have sharp fingernails. [demonic ancestry]
  1716 | D:2      | Reached XP level 4. HP: 23/36 MP: 4/4
  1908 | D:2      | Noticed Natasha
  1912 | D:2      | Killed Natasha
  1912 | D:2      | Gained mutation: You are slightly more attuned to the shadows. [demonic ancestry]
  1912 | D:2      | Reached XP level 5. HP: 42/42 MP: 5/5
  2093 | D:2      | Noticed Natasha
  2098 | D:2      | Killed Natasha
  3020 | D:3      | Found an ancient bone altar of Kikubaaqudgha.
  3193 | D:3      | Reached XP level 6. HP: 38/48 MP: 6/6
  3200 | D:3      | Reached skill level 4 in Unarmed Combat
  3670 | D:4      | Noticed Phong's ghost (novice OpWz)
  3911 | D:4      | Found a sacrificial altar of Ru.
  4407 | D:5      | Entered Level 5 of the Dungeon
  4407 | D:5      | Noticed an orc warrior
  4410 | D:5      | Noticed Edmund
  4517 | D:5      | Reached XP level 7. HP: 51/55 MP: 7/7
  4527 | D:4      | Found a staircase to the Ecumenical Temple.
  4534 | D:4      | Reached skill level 5 in Fighting
  4534 | D:4      | Reached skill level 5 in Unarmed Combat
  4543 | Temple   | Entered the Ecumenical Temple
  4690 | Temple   | Became a worshipper of the Wu Jian Council
  4690 | Temple   | Reached * piety under Wu Jian
  4690 | Temple   | Reached ** piety under Wu Jian
  5141 | D:5      | Reached skill level 6 in Unarmed Combat
  5173 | D:5      | Noticed Pikel
  5219 | D:5      | Gained mutation: You are mostly covered in icy blue scales. (AC +3) [demonic ancestry]
  5219 | D:5      | Reached XP level 8. HP: 54/64 MP: 8/8
  5232 | D:5      | Killed Pikel
  5232 | D:5      | Reached skill level 7 in Unarmed Combat
  5258 | D:5      | Killed Edmund
  5917 | D:5      | Reached skill level 8 in Unarmed Combat
  6015 | D:5      | Reached *** piety under Wu Jian
  6015 | D:5      | Gained mutation: You are significantly more attuned to the shadows. [demonic ancestry]
  6015 | D:5      | Reached XP level 9. HP: 60/72 MP: 9/9
  6393 | D:5      | Reached **** piety under Wu Jian
  6751 | D:5      | HP: 1/72 [orc warrior/scimitar of slicing (4)]
  7235 | D:6      | Noticed Sigmund
  7245 | D:6      | Killed Sigmund
  7245 | D:6      | Reached skill level 9 in Unarmed Combat
  8565 | D:7      | Found a snail-covered altar of Cheibriados.
  8776 | D:7      | Reached skill level 10 in Unarmed Combat
  9704 | D:8      | Gained mutation: You may emit foul miasma when damaged in melee. [demonic ancestry]
  9704 | D:8      | Reached XP level 10. HP: 66/82 MP: 10/10
  9969 | D:8      | Found a sand-covered staircase.
  9974 | Ossuary  | Entered an ossuary
 10205 | Ossuary  | Reached ***** piety under Wu Jian
 10529 | D:9      | Found a shadowy altar of Dithmenos.
 10779 | D:9      | Noticed a two-headed ogre
 10798 | D:9      | Noticed wojtek's ghost (novice MiFi)
 10805 | D:9      | Killed a two-headed ogre
 10805 | D:9      | Reached skill level 11 in Unarmed Combat
 11564 | D:9      | Found an opulent altar of Gozag.
 11566 | D:9      | Found a stormy altar of Qazlal.
 11566 | D:9      | Found a basalt altar of Yredelemnul.
 11890 | D:9      | Found a deep blue altar of Sif Muna.
 11890 | D:9      | Found a hazy altar of Hepliaklqana.
 12022 | D:10     | Entered Level 10 of the Dungeon
 12106 | D:10     | Paralysed by a hornet for 2 turns
 12121 | D:10     | HP: 3/84 [poisoned by a soldier ant]
 12121 | D:10     | HP: 1/84 [worker ant (2)]
 12121 | D:10     | Slain by a worker ant

Skill      XL: |  1  2  3  4  5  6  7  8  9 10 |
---------------+-------------------------------+-----
Stealth        | 2 3 |  3.7
Dodging        | 3 4 |  4.1
Unarmed Combat | 3 4 6 8 10 11 | 11.6
Fighting       | 4 5 7 8 9 |  9.7

Action                   |  1- 3 |  4- 6 |  7- 9 | 10-12 || total
-------------------------+-------+-------+-------+-------++-------
Melee: Hand axe          |    31 |       |       |       ||    31
       Spear             |    77 |   206 |   619 |   375 ||  1277
       Unarmed           |       |     2 |       |       ||     2
       Punch             |       |     2 |    31 |    25 ||    58
Invok: Lunge             |       |       |     7 |     3 ||    10
       Wall Jump         |       |       |     5 |     3 ||     8
       Whirlwind         |       |       |    21 |     8 ||    29
       Serpent's Lash    |       |       |     1 |     1 ||     2
  Use: Scroll            |     1 |     9 |     2 |     8 ||    20
       Potion            |     1 |       |       |     1 ||     2
 Stab: Sleeping          |     7 |    12 |    34 |    20 ||    73
       Distracted        |     1 |     2 |     4 |     2 ||     9
  Eat: Chunk             |     3 |     6 |    17 |     5 ||    31
       Ration            |       |     1 |       |     1 ||     2
Armor: Robe              |    15 |       |       |       ||    15
       Animal skin       |     3 |    36 |    24 |       ||    63
       Leather armour    |       |       |   193 |    91 ||   284
Dodge: Dodged            |    77 |   111 |   448 |   185 ||   821
Block: Other             |       |    16 |    44 |    40 ||   100
       Reflection        |       |       |     3 |     1 ||     4
